 Dungeon Crawl Stone Soup version 0.31.0-12-g77e489cdc1 (webtiles) character file.

Game seed: 378551540940923292

625 ChrisAssaf the Chopper (level 7, -1/60 HPs)
             Began as a Minotaur Fighter on Mar 6, 2024.
             Slain by a sky beast (4 damage)
             ... on level 7 of the Dungeon.
             The game lasted 00:06:00 (1912 turns).

ChrisAssaf the Chopper (Minotaur Fighter)           Turns: 1912, Time: 00:06:01

Health: -1/60      AC: 11    Str: 20    XL:     7   Next: 23%
Magic:  6/6        EV: 11    Int:  9    God:
Gold:   134        SH:  4    Dex: 10    Spells: 6/6 levels left

rFire   + + .        a - +0 war axe
rCold   . . .        c - +0 buckler
rNeg    + . .        g - +2 leather armour {rF+}
rPois   +            (helmet restricted)
rElec   .            (no cloak)
rCorr   +            (no gloves)
SInv    .            o - +1 pair of boots
Will    .....        h - amulet "Yfielaer" {RegenMP rPois rC- rN+ rCorr}
Stlth   +            e - ring "Tilaunu" {rF+ rC+ AC+4 Int+2}
HPRegen 0.30/turn    k - ring of resist corrosion
MPRegen 0.50/turn

%: no passive effects
@: marked
A: horns 2, retaliatory headbutt
a: no special abilities


You were on level 7 of the Dungeon.
You visited 1 branch of the dungeon, and saw 7 of its levels.

You collected 134 gold pieces.

Inventory:

Hand Weapons
 a - a +0 war axe (weapon)
Missiles
 j - 4 atropa-tipped darts (quivered)
Armour
 b - a +0 scale mail
 c - a +0 buckler (worn)
 g - a +2 leather armour of fire resistance (worn)
 o - a +1 pair of boots (worn)
Jewellery
 e - the ring "Tilaunu" (left hand) {rF+ rC+ AC+4 Int+2}
   (You acquired it on level 2 of the Dungeon)

   [ring of protection]

   AC+4:      It affects your AC (+4).
   Int+2:     It affects your intelligence (+2).
   rF+:       It protects you from fire.
   rC+:       It protects you from cold.
 f - an amulet of the acrobat
 h - the amulet "Yfielaer" (around neck) {RegenMP rPois rC- rN+ rCorr}
   (You found it on level 2 of the Dungeon)

   [amulet of magic regeneration]

   RegenMP:   It increases your rate of magic regeneration.
   rC-:       It makes you vulnerable to cold.
   rPois:     It protects you from poison rN+: It protects you from negative
   energy.
   rCorr:     It protects you from acid and corrosion.
 k - a ring of resist corrosion (right hand)
Talismans
 m - a blade talisman
Scrolls
 l - a scroll of fear {unknown}
Potions
 n - a potion of brilliance
 p - a potion of berserk rage {unknown}


   Skills:
 * Level 4.7 Fighting
 * Level 5.9 Axes
 * Level 1.7 Throwing
 * Level 4.8 Armour
 * Level 2.4 Dodging
 * Level 1.8 Stealth
 * Level 4.7 Shields
 * Level 1.0 Shapeshifting


You had 6 spell levels left.
You didn't know any spells.
Your spell library contained the following spells:

 Spells                   Type           Power      Damage    Failure   Level
 Frozen Ramparts          Ice            0%         1d1       86%         3
 Leda's Liquefaction      Alch/Erth      0%         N/A       99%         4
 Petrify                  Alch/Erth      0%         N/A       99%         4
 Metabolic Englaciation   Hex/Ice        0%         N/A       100%        5


Dungeon Overview and Level Annotations

Branches:
Dungeon (6/15)
 Temple: D:4-7

Altars:


Innate Abilities, Weirdness & Mutations

You have a pair of horns on your head.
You reflexively headbutt those who attack you in melee.


Message History

You hit the sky beast.
The sky beast is heavily wounded.
You barely miss the sky beast. The sky beast barely misses you.
You block the sky beast's attack.
You closely miss the sky beast.
You headbutt the sky beast, but do no damage.
The sky beast is heavily wounded.
You closely miss the sky beast.
You are no longer corroded.
The sky beast hits you but does no damage.
The sky beast flickers out of sight!
Deactivating autopickup; reactivate with Ctrl-A.
Something completely misses you.
The sky beast hits you but does no damage.
Something hits you. Something shocks you.
You slash something! Your headbutt misses something.
You hit the sky beast but do no damage. Something hits you but does no damage.
The sky beast hits you but does no damage.
You barely miss something. You miss the sky beast. Something hits you.
Something shocks you. The sky beast hits you. The sky beast shocks you.
Unknown command.
You barely miss something. You closely miss the sky beast.
You block the sky beast's attack. Something hits you. Something shocks you.
Something hits you but does no damage.
You closely miss something. Your headbutt misses something.
The sky beast flickers out of sight!
You block something's attack. Something hits you. Something shocks you.
* * * LOW HITPOINT WARNING * * *
You miss something. x2; Something hits you.
* * * LOW HITPOINT WARNING * * *
Something shocks you.
* * * LOW HITPOINT WARNING * * *
Something hits you but does no damage.
You miss something. Your headbutt misses something. You hit something.
Something hits you.
* * * LOW HITPOINT WARNING * * *
Something shocks you.
* * * LOW HITPOINT WARNING * * *
Something hits you.
You die...

####+#...#.#.# #
#...#.#.#. ####+##
#.##.##..... .......
#.......#
.......##########....###.
.......#......#..........
.......#......#..........
.......#......#..........
......S{@............#.#+
####.###.........#...#.#
#.........#...# #
#.........#...#
#.........#.....
#.........#.....#
................#..
.............###.#..
..............#


You could see a water moccasin.

Vanquished Creatures
  An orc warrior (D:6)
  A gnoll sergeant (D:5)
  A scorpion (D:6)
  2 bombardier beetles
  A hound (D:4)
  2 jellies
  An orc priest (D:5)
  A sleepcap (D:5)
  An iguana (D:4)
  2 orc wizards (D:6)
  4 gnolls (D:5)
  2 adders
  2 white imps
  2 ufetubi (D:6)
  2 dart slugs
  10 orcs
  3 endoplasms
  3 giant cockroaches
  4 goblins
  A hobgoblin (D:2)
  3 jackals (D:2)
  2 quokkas (D:2)
  3 ball pythons
  2 bats (D:2)
  2 frilled lizards (D:3)
  3 kobolds
  5 rats
66 creatures vanquished.

Notes
Turn   | Place    | Note
-------+----------+-------------------------------------------
     0 | D:1      | ChrisAssaf the Minotaur Fighter began the quest for the
                  | Orb.
     0 | D:1      | Reached XP level 1. HP: 19/19 MP: 0/0
   268 | D:1      | Reached XP level 2. HP: 27/27 MP: 1/1
   302 | D:1      | You fall into a shaft and drop 1 floor!
   511 | D:2      | Found a faded altar of an unknown god.
   523 | D:2      | Identified the amulet "Yfielaer" {RegenMP rPois rC- rN+
                  | rCorr}
   646 | D:2      | Identified a scroll of acquirement
   646 | D:2      | Acquired the ring "Tilaunu" {rF+ rC+ AC+4 Int+2}
   822 | D:2      | Reached XP level 3. HP: 33/33 MP: 2/2
   945 | D:3      | Reached skill level 3 in Axes
  1055 | D:3      | Reached skill level 1 in Dodging
  1055 | D:3      | Reached skill level 1 in Stealth
  1055 | D:3      | Reached XP level 4. HP: 40/40 MP: 3/3
  1208 | D:4      | Reached skill level 4 in Axes
  1212 | D:4      | Reached XP level 5. HP: 46/46 MP: 4/4
  1325 | D:5      | Entered Level 5 of the Dungeon
  1339 | D:5      | Reached skill level 1 in Throwing
  1513 | D:5      | Reached XP level 6. HP: 31/53 MP: 5/5
  1519 | D:5      | Reached skill level 5 in Axes
  1715 | D:6      | Noticed an orc warrior
  1723 | D:6      | Killed an orc warrior
  1724 | D:6      | Reached XP level 7. HP: 42/60 MP: 6/6
  1733 | D:6      | Reached skill level 1 in Shapeshifting
  1849 | D:6      | You fall into a shaft and drop 1 floor!
  1912 | D:7      | HP: 3/60 [something (5)]
  1912 | D:7      | Slain by a sky beast

Illustrated notes

Levels and vault maps discovered:
D:1:      shiori_arrival_maze, layout_loops_corners, serial_shops,
          nicolae_shop_tiny_waterfront
D:2:      layout_basic, dreamdust_ecumenical_altar_statues
D:3:      layout_basic, corexii_item_surrounded_by_moat
D:4:      minmay_spotlight, layout_basic, serial_co_window_serial,
          co_window_of_opportunity_a, co_window_corner_a, co_window_paths_a,
          co_window_corner_a, co_window_corner_a, co_window_2corner,
          co_window_2corner, co_window_paths_c, co_window_broadway_b,
          co_window_unsneaky_path_e, co_window_paths_d, co_window_4corner_a,
          glass_columns_b, chequers_serial_rivers_small_3, uniq_sigmund
D:5:      layout_gridville, mainiacjoe_overflow_alcove_1,
          okawaru_altar_gauntlet_db, st_stairs_11
D:6:      layout_loops_corners, mainiacjoe_overflow_alcove_2
D:7:      layout_basic, minmay_temple_entry_enclosed_plants, serial_shops, shop

Skill      XL: |  1  2  3  4  5  6  7 |
---------------+----------------------+-----
Armour         | 4 |  4.8
Axes           | 3 4 5 |  5.9
Shields        | 4 |  4.7
Fighting       | 4 |  4.7
Dodging        | 1 2 |  2.4
Stealth        | 1 |  1.8
Throwing       | 1 |  1.7
Shapeshifting  | 1 |  1.0

Action                     |  1- 3 |  4- 6 |  7- 9 || total
---------------------------+-------+-------+-------++-------
  Melee: War axe           |    68 |    56 |    30 ||   154
         Headbutt          |     7 |    11 |     2 ||    20
    Use: Scroll            |     2 |       |       ||     2
         Potion            |       |     2 |     2 ||     4
 Armour: Scale mail        |    14 |       |       ||    14
         Leather armour    |    23 |    82 |    53 ||   158
  Dodge: Dodged            |    31 |    45 |    27 ||   103
  Block: Buckler           |    11 |    24 |     7 ||    42
